| TOP OF THE 1ST |
|
Chicago White Sox batting - Pitching for Detroit Tigers : LHP Adrian Hamilton
|
|
Pitching: LHP Adrian Hamilton
|
|
|
Batting: RHB Dieter Knoops
|
0-0: Called Strike 0-1: Called Strike 0-2: DOUBLE (Line Drive, 9LM, EV 91.2 MPH)
|
|
Batting: RHB Brad Boals
|
0-0: Ball 1-0: Swinging Strike 1-1: Ball 2-1: Foul Ball, location: 2F 2-2: Ball 3-2: Base on Balls
|
|
Batting: RHB Joseph Disepolo
|
0-0: Called Strike 0-1: Grounds into double play, 4-6-3 (Groundball, 4, EV 88.8 MPH) Dieter Knoops to third
|
|
Batting: LHB Randy Rosenberry
|
0-0: Ball 1-0: Called Strike 1-1: Ground out 5-3 (Groundball, 15, EV 86.9 MPH)
|
| Top of the 1st over - 0 runs, 1 hit, 0 errors, 1 left on base; Chicago 0 - Detroit 0 |
| BOTTOM OF THE 1ST |
|
Detroit Tigers batting - Pitching for Chicago White Sox : RHP Ricky Salas
|
|
Pitching: RHP Ricky Salas
|
|
|
Batting: LHB Frank McConnell
|
0-0: SOLO HOME RUN (Flyball, 9D, EV 99.4 MPH), Distance : 401 ft
|
|
Batting: SHB Adam Weber
|
0-0: Called Strike 0-1: Foul Ball, location: 2F 0-2: Strikes out swinging
|
|
Batting: LHB Morgan Black
|
0-0: Ball 1-0: Ball 2-0: Called Strike 2-1: Called Strike 2-2: Ball 3-2: Base on Balls
|
|
Batting: LHB Tyler Davis
|
0-0: Ball Morgan Black is caught stealing 2nd base 2-6 1-0: Fly out, F9 (Flyball, 89M, EV 88.1 MPH)
|
| Bottom of the 1st over - 1 run, 1 hit, 0 errors, 0 left on base; Chicago 0 - Detroit 1 |
| TOP OF THE 2ND |
|
Chicago White Sox batting - Pitching for Detroit Tigers : LHP Adrian Hamilton
|
|
Batting: SHB Alfie Bungledorf
|
0-0: Ball 1-0: Swinging Strike 1-1: Ground out 6-3 (Groundball, 6, EV 88.1 MPH)
|
|
Batting: RHB Chris Cooper
|
0-0: Ball 1-0: Foul Ball, location: 2F 1-1: Ball 2-1: Ball 3-1: SINGLE (Groundball, 6M, EV 91.9 MPH) (infield hit)
|
|
Batting: LHB Jack Christie
|
0-0: SINGLE (Groundball, 4MD, EV 95.0 MPH) Chris Cooper to second Runner from 2nd tries for 3rd, SAFE, no throw by CF
|
|
Batting: SHB Rich Chavez
|
0-0: Called Strike 0-1: Ball 1-1: Ground out 5-3 (Groundball, 56S, EV 69.4 MPH) Chris Cooper scores Jack Christie to second
|
|
Batting: RHB Leo Navarro
|
0-0: Ground out 4-3 (Groundball, 4M, EV 80.6 MPH)
|
| Top of the 2nd over - 1 run, 2 hits, 0 errors, 1 left on base; Chicago 1 - Detroit 1 |
| BOTTOM OF THE 2ND |
|
Detroit Tigers batting - Pitching for Chicago White Sox : RHP Ricky Salas
|
|
Batting: RHB Victor Quinones
|
0-0: Called Strike 0-1: Ball 1-1: Foul Ball, location: 2F 1-2: Ball 2-2: Ball 3-2: Ground out 3-1 (Groundball, 13, EV 79.4 MPH)
|
|
Batting: LHB Conrad Taylor
|
0-0: Ground out 4-3 (Groundball, 4, EV 83.8 MPH)
|
|
Batting: RHB Adrian Novakovic
|
0-0: Swinging Strike 0-1: Called Strike 0-2: Foul Ball, location: 2F 0-2: Strikes out looking
|
| Bottom of the 2nd over - 0 runs, 0 hits, 0 errors, 0 left on base; Chicago 1 - Detroit 1 |
| TOP OF THE 3RD |
|
Chicago White Sox batting - Pitching for Detroit Tigers : LHP Adrian Hamilton
|
|
Batting: RHB Dieter Knoops
|
0-0: Ball 1-0: Swinging Strike 1-1: Swinging Strike 1-2: Foul Ball, location: 2F 1-2: Strikes out swinging
|
|
Batting: RHB Brad Boals
|
0-0: Fly out, F9 (Flyball, 9S, EV 91.9 MPH)
|
|
Batting: RHB Joseph Disepolo
|
0-0: Ball 1-0: Ball 2-0: SINGLE (Groundball, 6MD, EV 94.4 MPH)
|
|
Batting: LHB Randy Rosenberry
|
0-0: Ball 1-0: SINGLE (Groundball, 6M, EV 95.0 MPH) Joseph Disepolo to second Runner from 2nd tries for 3rd, SAFE, throw by CF made to third
|
|
Batting: SHB Alfie Bungledorf
|
0-0: Called Strike 0-1: Called Strike 0-2: Fly out, F9 (Flyball, 9, EV 86.2 MPH)
|
| Top of the 3rd over - 0 runs, 2 hits, 0 errors, 2 left on base; Chicago 1 - Detroit 1 |
| BOTTOM OF THE 3RD |
|
Detroit Tigers batting - Pitching for Chicago White Sox : RHP Ricky Salas
|
|
Batting: RHB Andres Leon
|
0-0: Ball 1-0: Ball 2-0: Ball 3-0: Foul Ball, location: 2F 3-1: Swinging Strike 3-2: Foul Ball, location: 2F 3-2: Foul Ball, location: 2F 3-2: Base on Balls
|
|
Batting: RHB Jerry Jauregui
|
0-0: Called Strike 0-1: Ball 1-1: Called Strike 1-2: Strikes out swinging
|
|
Batting: LHB Frank McConnell
|
0-0: Fielders Choice at 2nd, 4-6 (Groundball, 4, EV 89.4 MPH)
|
|
Batting: SHB Adam Weber
|
0-0: Called Strike 0-1: Called Strike 0-2: Ball 1-2: Fly out, F5 (Popup, 5SF, EV 63.8 MPH)
|
| Bottom of the 3rd over - 0 runs, 0 hits, 0 errors, 1 left on base; Chicago 1 - Detroit 1 |
| TOP OF THE 4TH |
|
Chicago White Sox batting - Pitching for Detroit Tigers : LHP Adrian Hamilton
|
|
Pitching: RHP Kevin Hockenbury
|
|
|
Batting: RHB Chris Cooper
|
0-0: Ball 1-0: Foul Ball, location: 2F 1-1: Ground out 6-3 (Groundball, 6, EV 100.6 MPH)
|
|
Batting: LHB Jack Christie
|
0-0: Ball 1-0: Ball 2-0: Ball 3-0: Called Strike 3-1: Base on Balls
|
|
Batting: SHB Rich Chavez
|
0-0: Ball 1-0: Called Strike 1-1: Swinging Strike 1-2: Strikes out swinging
|
|
Batting: RHB Leo Navarro
|
0-0: Fly out, F7 (Flyball, 7D, EV 98.8 MPH)
|
| Top of the 4th over - 0 runs, 0 hits, 0 errors, 1 left on base; Chicago 1 - Detroit 1 |
| BOTTOM OF THE 4TH |
|
Detroit Tigers batting - Pitching for Chicago White Sox : RHP Ricky Salas
|
|
Batting: LHB Morgan Black
|
0-0: Swinging Strike 0-1: Called Strike 0-2: Strikes out swinging
|
|
Batting: LHB Tyler Davis
|
0-0: Ground out U3 (Groundball, 34S, EV 77.5 MPH)
|
|
Batting: RHB Victor Quinones
|
0-0: Called Strike 0-1: DOUBLE (Flyball, 8LXD, EV 110.6 MPH)
|
|
Pitching: RHP Luis Castillo
|
|
|
Batting: LHB Conrad Taylor
|
0-0: Swinging Strike 0-1: Ball 1-1: Swinging Strike 1-2: SINGLE (Line Drive, 8RS, EV 94.4 MPH) Victor Quinones to third Runner from 3rd tries for Home, SAFE, throw by CF to home
|
|
Batting: RHB Adrian Novakovic
|
0-0: Ball 1-0: Foul Ball, location: 2F 1-1: Ball 2-1: Foul Ball, location: 2F 2-2: Ball 3-2: Ground out 5-3 (Groundball, 5L, EV 83.8 MPH)
|
| Bottom of the 4th over - 1 run, 2 hits, 0 errors, 1 left on base; Chicago 1 - Detroit 2 |
| TOP OF THE 5TH |
|
Chicago White Sox batting - Pitching for Detroit Tigers : RHP Kevin Hockenbury
|
|
Pitching: LHP Bobby Jones
|
|
|
Now at 3B: Brady Jeleniewski
|
|
|
Now at SS: J.J. Basil
|
|
|
Now in LF: Tyler Davis
|
|
|
Now in CF: Ross Holland
|
|
|
Now in RF: Victor Quinones
|
|
|
Pinch Hitting: RHB Micah Brown
|
0-0: Swinging Strike 0-1: Ball 1-1: Ball 2-1: Ball 3-1: Reached via error on a dropped throw from 1B, E1 (Groundball, 34, EV 106.2 MPH)
|
|
Pinch Hitting: LHB Angel Tellez
|
0-0: Grounds out, U3 (Groundball, 3L, EV 85.0 MPH)
|
|
Batting: RHB Joseph Disepolo
|
0-0: Ball 1-0: Called Strike 1-1: Foul Ball, location: 2F 1-2: Ball 2-2: Foul Ball, location: 2F 2-2: Ball 3-2: DOUBLE (Line Drive, 3D, EV 100.0 MPH) Micah Brown scores
|
|
Batting: LHB Randy Rosenberry
|
0-0: 2-RUN HOME RUN (Flyball, 89XD, EV 105.0 MPH), Distance : 419 ft
|
|
Pitching: RHP Bobby Mott
|
|
|
Pinch Hitting: LHB Sidney Pedder
|
0-0: Ball 1-0: Ground out U3 (Groundball, 3S, EV 77.5 MPH)
|
|
Pinch Hitting: RHB Henri Cederberg
|
0-0: Called Strike 0-1: Called Strike 0-2: Ball 1-2: Foul Ball, location: 2F 1-2: Ball 2-2: Foul Ball, location: 2F 2-2: Strikes out swinging
|
| Top of the 5th over - 3 runs, 2 hits, 1 error, 0 left on base; Chicago 4 - Detroit 2 |
| TOP OF THE 6TH |
|
Chicago White Sox batting - Pitching for Detroit Tigers : RHP Bobby Mott
|
|
Now at 2B: Dan Friess
|
|
|
Batting: LHB Jack Christie
|
0-0: Called Strike 0-1: Called Strike 0-2: Ground out U3 (Groundball, 3, EV 103.8 MPH)
|
|
Batting: RHB Jon Solano
|
0-0: SINGLE (Flyball, 8LS, EV 96.2 MPH)
|
|
Batting: LHB Ricardo Pagan
|
0-0: Ball 1-0: Foul Ball, location: 2F 1-1: Grounds into double play, 6-4-3 (Groundball, 6D, EV 86.2 MPH)
|
| Top of the 6th over - 0 runs, 1 hit, 0 errors, 0 left on base; Chicago 4 - Detroit 2 |
| BOTTOM OF THE 6TH |
|
Detroit Tigers batting - Pitching for Chicago White Sox : RHP Luis Castillo
|
|
Batting: SHB Ross Holland
|
0-0: Called Strike 0-1: Fly out, F7 (Flyball, 7, EV 91.2 MPH)
|
|
Batting: RHB Brady Jeleniewski
|
0-0: Called Strike 0-1: Foul Ball, location: 2F 0-2: Ball 1-2: Ball 2-2: Ball 3-2: Ground out 5-3 (Groundball, 56S, EV 85.6 MPH)
|
|
Pinch Hitting: LHB Bill Ford
|
0-0: SINGLE (Groundball, 4MS, EV 70.0 MPH) (infield hit)
|
|
Batting: RHB Victor Quinones
|
0-0: Ball 1-0: Ball Bill Ford steals 2nd base 2-0: Swinging Strike 2-1: SINGLE (Line Drive, 89S, EV 91.2 MPH) Bill Ford to third Runner from 3rd tries for Home, SAFE, throw by CF to home Victor Quinones to second
|
|
Batting: RHB Chris Wheatley
|
0-0: Foul Ball, location: 2F 0-1: Fly out, F8 (Flyball, 89M, EV 92.5 MPH)
|
| Bottom of the 6th over - 1 run, 2 hits, 0 errors, 1 left on base; Chicago 4 - Detroit 3 |
| TOP OF THE 7TH |
|
Chicago White Sox batting - Pitching for Detroit Tigers : RHP Bobby Mott
|
|
Now in LF: Bill Ford
|
|
|
Batting: RHB Micah Brown
|
0-0: Called Strike 0-1: Ball 1-1: Called Strike 1-2: Foul Ball, location: 2F 1-2: Strikes out swinging
|
|
Batting: LHB Angel Tellez
|
0-0: Called Strike 0-1: Ball 1-1: SINGLE (Groundball, 3S, EV 70.0 MPH) (infield hit)
|
|
Batting: RHB Joseph Disepolo
|
0-0: Foul Ball, location: 2F 0-1: Ball 1-1: Ball 2-1: Ball 3-1: Base on Balls Angel Tellez to second
|
|
Pitching: RHP Steve McGaughey
|
|
|
Batting: LHB Randy Rosenberry
|
0-0: Called Strike 0-1: Ball 1-1: Ball 2-1: Fly out, F8 (Flyball, 8RD, EV 86.2 MPH)
|
|
Batting: RHB Jose Medina
|
0-0: Swinging Strike 0-1: Foul Ball, location: 2F 0-2: Fly out, F2 (Popup, 3SF, EV 81.9 MPH)
|
| Top of the 7th over - 0 runs, 1 hit, 0 errors, 2 left on base; Chicago 4 - Detroit 3 |
| BOTTOM OF THE 7TH |
|
Detroit Tigers batting - Pitching for Chicago White Sox : RHP Luis Castillo
|
|
Pitching: RHP Jacob Taylor
|
|
|
Batting: RHB J.J. Basil
|
0-0: Called Strike 0-1: Called Strike 0-2: Ball 1-2: SINGLE (Groundball, 5S, EV 63.1 MPH) (infield hit)
|
|
Batting: RHB Andres Leon
|
0-0: Ball 1-0: Ball 2-0: Called Strike 2-1: Ball 3-1: Foul Ball, location: 2F 3-2: Ground out 6-3 (Groundball, 6, EV 102.5 MPH) J.J. Basil to second
|
|
Batting: RHB Jerry Jauregui
|
0-0: Called Strike 0-1: Swinging Strike 0-2: Strikes out swinging
|
|
Batting: RHB Dan Friess
|
0-0: Ball 1-0: Swinging Strike 1-1: Foul Ball, location: 2F 1-2: Ball 2-2: Strikes out swinging
|
| Bottom of the 7th over - 0 runs, 1 hit, 0 errors, 1 left on base; Chicago 4 - Detroit 3 |
| TOP OF THE 8TH |
|
Chicago White Sox batting - Pitching for Detroit Tigers : RHP Steve McGaughey
|
|
Pitching: RHP Chris Kimura
|
|
|
Batting: RHB Henri Cederberg
|
0-0: Ball 1-0: Ball 2-0: Ball 3-0: Called Strike 3-1: Ground out U3 (Groundball, 34, EV 93.1 MPH)
|
|
Pitching: RHP Chris Haselhorst
|
|
|
Batting: LHB Jack Christie
|
0-0: Called Strike 0-1: Foul Ball, location: 2F 0-2: Hit by Pitch
|
|
Batting: RHB Jon Solano
|
0-0: Ball 1-0: Called Strike 1-1: SINGLE (Flyball, 3D, EV 92.5 MPH) Jack Christie to second
|
|
Batting: LHB Ricardo Pagan
|
0-0: Ball 1-0: Ball 2-0: Swinging Strike 2-1: Ball 3-1: Ground out U3 (Groundball, 3, EV 88.8 MPH) Jack Christie to third Jon Solano to second
|
|
Batting: RHB Micah Brown
|
0-0: Ball 1-0: Ground out 6-3 (Groundball, 6, EV 88.8 MPH)
|
| Top of the 8th over - 0 runs, 1 hit, 0 errors, 2 left on base; Chicago 4 - Detroit 3 |
| BOTTOM OF THE 8TH |
|
Detroit Tigers batting - Pitching for Chicago White Sox : RHP Jacob Taylor
|
|
Pitching: RHP Jerry JimAnez
|
|
|
Batting: SHB Ross Holland
|
0-0: Ball 1-0: Foul Ball, location: 2F 1-1: Called Strike 1-2: Foul Ball, location: 2F 1-2: Strikes out looking
|
|
Batting: RHB Brady Jeleniewski
|
0-0: Swinging Strike 0-1: Ball 1-1: Swinging Strike 1-2: Ball 2-2: Foul Ball, location: 2F 2-2: Foul Ball, location: 2F 2-2: Foul Ball, location: 2F 2-2: Strikes out swinging
|
|
Batting: LHB Bill Ford
|
0-0: Ball 1-0: SINGLE (Line Drive, 7S, EV 102.5 MPH)
|
|
Batting: RHB Victor Quinones
|
0-0: Ground out 4-3 (Groundball, 4, EV 98.8 MPH)
|
| Bottom of the 8th over - 0 runs, 1 hit, 0 errors, 1 left on base; Chicago 4 - Detroit 3 |
| TOP OF THE 9TH |
|
Chicago White Sox batting - Pitching for Detroit Tigers : RHP Chris Haselhorst
|
|
Pitching: RHP Tim Bemish
|
|
|
Batting: LHB Angel Tellez
|
0-0: Called Strike 0-1: Ball 1-1: Called Strike 1-2: Strikes out looking
|
|
Batting: RHB Joseph Disepolo
|
0-0: Called Strike 0-1: Foul Ball, location: 2F 0-2: Ball 1-2: SOLO HOME RUN (Flyball, 8RXD, EV 117.5 MPH), Distance : 462 ft
|
|
Batting: LHB Randy Rosenberry
|
0-0: Swinging Strike 0-1: Ball 1-1: DOUBLE (Flyball, 8RXD, EV 95.0 MPH)
|
|
Batting: RHB Jose Medina
|
0-0: Swinging Strike 0-1: Swinging Strike 0-2: Ball 1-2: SINGLE (Groundball, 6S, EV 67.5 MPH) (infield hit) Randy Rosenberry to third
|
|
Batting: RHB Henri Cederberg
|
0-0: Called Strike 0-1: Ball 1-1: Ball Jose Medina is caught stealing 2nd base 2-4 2-1: Fly out, F7 (Flyball, 7D, EV 82.5 MPH)
|
| Top of the 9th over - 1 run, 3 hits, 0 errors, 1 left on base; Chicago 5 - Detroit 3 |
| BOTTOM OF THE 9TH |
|
Detroit Tigers batting - Pitching for Chicago White Sox : RHP Jerry JimAnez
|
|
Pitching: LHP Rhett Beers
|
|
|
Batting: RHB Chris Wheatley
|
0-0: Ball 1-0: Ball 2-0: Foul Ball, location: 2F 2-1: Ball 3-1: Base on Balls
|
|
Batting: RHB J.J. Basil
|
0-0: Called Strike 0-1: Ball 1-1: Foul Ball, location: 2F 1-2: Grounds into double play, 6-4-3 (Groundball, 6, EV 88.1 MPH)
|
|
Batting: RHB Andres Leon
|
0-0: Swinging Strike 0-1: Called Strike 0-2: Ball 1-2: Ball 2-2: Ball 3-2: Base on Balls
|
|
Pinch Hitting: RHB Dan Becvar
|
0-0: Ball 1-0: Ball 2-0: Called Strike 2-1: Ball 3-1: SINGLE (Groundball, 6S, EV 69.4 MPH) (infield hit) Andres Leon to second
|
|
Pinch Hitting: RHB Dave Reynolds
|
0-0: Called Strike 0-1: Ball 1-1: Ball 2-1: Ball 3-1: Foul Ball, location: 2F 3-2: Strikes out looking
|
| Bottom of the 9th over - 0 runs, 1 hit, 0 errors, 2 left on base; Chicago 5 - Detroit 3 |
|